 Dungeon Crawl Stone Soup version 0.20-a0-433-g9e36e56 (webtiles) character file.

306227 Gorice the Fencer (level 20, -9/158 HPs)
             Began as a Demonspawn Arcane Marksman on Jan 3, 2017.
             Was the Champion of Okawaru.
             Mangled by Mennas
             ... wielding a +4 eudemon blade of holy wrath
              (10 damage)
             ... on level 3 of the Vaults.
             The game lasted 05:55:09 (46319 turns).

Gorice the Fencer (Demonspawn Arcane Marksman)     Turns: 46319, Time: 05:55:12

Health: -9/158     AC: 39    Str: 27    XL:     20   Next: 30%
Magic:  23/28      EV: 17    Int: 16    God:    Okawaru [******]
Gold:   2570       SH:  0    Dex: 12    Spells: 20/21 levels left

rFire  + . .     SeeInvis +     a - +2 great sword (freeze)
rCold  + + .     Gourm    .     A - +6 plate armour of the Game of Kings {rF+ rC+ Str+3 Slay+2}
rNeg   . . .     Faith    .     (shield currently unavailable)
rPois  +         Spirit   .     (helmet unavailable)
rElec  .         Reflect  .     H - +2 cloak of Theory {rPois Str+3}
rCorr  +         Harm     .     l - +2 pair of gloves {Str+3}
MR     ++++.                    z - +0 pair of boots "Jehog" {+Fly rCorr}
Stlth  ..........               G - amulet of Itrapri {rC+ MR++ Regen+ Dex-2}
                                t - ring of protection from magic
                                i - ring of see invisible

@: about to teleport, heroism, finesse, glowing
A: horns 3, iridescent scales 2, powered by death 2, spiny 3
}: 2/15 runes: decaying, serpentine
a: Heroism, Finesse, Renounce Religion, Evoke Flight


You were on level 3 of the Vaults.
You worshipped Okawaru.
Okawaru was exalted by your worship.
You were not hungry.

You visited 7 branches of the dungeon, and saw 35 of its levels.
You visited the Abyss 2 times.
You visited 1 bazaar.
You also visited: Ice Cave.

You collected 5645 gold pieces.
You spent 3075 gold pieces at shops.

Inventory:

Hand Weapons
 a - a +2 great sword of freezing (weapon)
   (Okawaru gifted it to you on level 1 of the Snake Pit)
 b - a +3 great sword of slicing
   (Okawaru gifted it to you on level 2 of the Orcish Mines)
 B - a +0 blowgun
Missiles
 p - 5 needles of sleeping
 u - 44 tomahawks (quivered)
 y - 6 tomahawks of returning
 K - 29 curare-tipped needles
 P - 18 poisoned javelins
 X - 10 javelins of penetration
 Y - a throwing net
Armour
 l - a +2 pair of gloves of strength (worn)
   (You found it on level 3 of the Lair of Beasts)
 z - the +0 pair of boots "Jehog" (worn) {+Fly rCorr}
   (You acquired it on level 1 of the Lair of Beasts)

   It lets you fly.
   It protects you from acid and corrosion.
 A - the +6 plate armour of the Game of Kings (worn) {rF+ rC+ Str+3 Slay+2}
   (Okawaru gifted it to you on level 2 of the Swamp)

   It affects your strength (+3).
   It affects your accuracy and damage with ranged weapons and melee attacks
   (+2).
   It protects you from fire.
   It protects you from cold.
 E - the +0 cloak of Insatiable Hunger {Str+9}
   (Okawaru gifted it to you on level 3 of the Vaults)

   It affects your strength (+9).
 H - the +2 cloak of Theory (worn) {rPois Str+3}
   (You found it in an ice cave)

   It affects your strength (+3).
   It protects you from poison.
Jewellery
 i - a ring of see invisible (left hand)
 t - a ring of protection from magic (right hand)
 G - the amulet of Itrapri (around neck) {rC+ MR++ Regen+ Dex-2}
   (You bought it in a shop in a bazaar)

   [amulet of regeneration]

   It affects your dexterity (-2).
   It protects you from cold.
   It affects your resistance to hostile enchantments.
   It increases your rate of regeneration.
 M - an uncursed ring of protection from fire
Wands
 d - a wand of iceblast (6/15)
 m - a wand of polymorph (21/24)
 D - a wand of acid (5/15)
 I - a wand of digging (9/24)
 L - a wand of confusion (12/48)
 T - a wand of clouds (4/9)
Scrolls
 j - 6 scrolls of teleportation {!r}
 n - 5 scrolls of identify
 r - 11 scrolls of remove curse
 s - 2 scrolls of magic mapping {!r}
 C - a scroll of summoning {unknown}
 F - 3 scrolls of fog
 J - 4 scrolls of fear {!r}
 V - 3 scrolls of blinking
Potions
 c - a potion of invisibility {!q}
 e - 8 potions of haste {!q}
 f - a potion of magic {!q}
 h - 7 potions of curing
 v - 2 potions of ambrosia
 w - 2 potions of heal wounds {!q}
 x - 4 potions of agility {!q}
 N - a potion of resistance {!q}
 R - 6 potions of might {!q}
 U - 4 potions of cancellation {!q}
Comestibles
 g - 21 meat rations {!e}
 k - 2 beef jerkies
 o - 16 chunks of flesh
 q - 10 fruits


   Skills:
 + Level 13.6(18.6) Fighting
 - Level 18.4(23.4) Long Blades
 - Level 10.0(15.0) Throwing
 - Level 16.0(21.0) Armour
 + Level 14.2(19.2) Dodging
 - Level 1.0 Spellcasting
 - Level 3.0 Hexes
 - Level 11.0 Invocations
 - Level 9.0 Evocations


You had 20 spell levels left.
You knew the following spells:

 Your Spells              Type           Power        Failure   Level  Hunger
a - Corona                Hex            ##.....      34%         1    ##.....


Dungeon Overview and Level Annotations

Branches:
Dungeon (15/15)            Temple (1/1) D:6            Lair (6/6) D:11
  Swamp (4/4) Lair:4        Snake (4/4) Lair:4        Slime (0/5) Lair:6
    Orc (2/2) D:12            Elf (0/3) Orc:2        Vaults (3/5) D:13
  Crypt (0/3) Vaults:2     Depths (0/5) D:15

Altars:
Ashenzari
Cheibriados
Dithmenos
Elyvilon
Fedhas
Gozag
Hepliaklqana
Kikubaaqudgha
Makhleb
Nemelex Xobeh
Okawaru
Qazlal
Ru
Sif Muna
Trog
Uskayaw
Vehumet
Xom
Yredelemnul
Zin
The Shining One
Beogh
Jiyva

Shops:
D:9 !   D:10 [   Orc:1 *   Orc:2 :(=[*((   Snake:3 }}=   Snake:4 !
Vaults:2 [*%[   Vaults:3 **(

Portals:
Hell: Lair:6
Trove: D:12 (give +6 demon blade)

Annotations:
Swamp:4 pUX: undead rune vault
Vaults:3 Mennas


Innate Abilities, Weirdness & Mutations

You have a pair of large horns on your head.
You are mostly covered in iridescent scales. (AC +4)
You regenerate health from kills.
You are completely covered in sharp spines.


Message History

You slash Mennas! You freeze Mennas.
Mennas is moderately wounded.
Mennas hits you with an eudemon blade of holy wrath!!
* * * LOW HITPOINT WARNING * * *
You convulse!
* * * LOW HITPOINT WARNING * * *
Mennas hits you with an eudemon blade of holy wrath.
* * * LOW HITPOINT WARNING * * *
You convulse.
* * * LOW HITPOINT WARNING * * *
Damage: 41 (max 47)
You hit Mennas. You freeze Mennas.
Mennas is heavily wounded.
You closely miss Mennas. Your headbutt misses Mennas.
Mennas is heavily wounded.
Unknown command.
Mennas blocks your attack.
Your headbutt misses Mennas.
Mennas is heavily wounded.
Mennas hits you but does no damage. Mennas closely misses you.
Unknown command.
Mennas blocks your attack.
Mennas is heavily wounded.
Unknown command.
Mennas blocks your attack.
Mennas is heavily wounded.
Mennas is struck by your spines.
Mennas hits you with an eudemon blade of holy wrath!
* * * LOW HITPOINT WARNING * * *
You convulse!!
* * * LOW HITPOINT WARNING * * *
Mennas closely misses you.
Damage: 38 (max 47) Really quaff
w - 3 potions of heal wounds {!q}?
You feel much better.
Mennas gestures frantically.
You resist with almost no effort. Mennas is struck by your spines.
Mennas hits you with an eudemon blade of holy wrath!
* * * LOW HITPOINT WARNING * * *
You convulse.
* * * LOW HITPOINT WARNING * * *
Mennas hits you but does no damage.
Really read
j - 7 scrolls of teleportation {!r}?
As you read the scroll of teleportation {!r}, it crumbles to dust.
You feel strangely unstable.
Mennas hits you with an eudemon blade of holy wrath!!
* * * LOW HITPOINT WARNING * * *
You convulse!
* * * LOW HITPOINT WARNING * * *
Mennas hits you with an eudemon blade of holy wrath!
You die...

..#....# . #....#
#....######+# #++#
########
#.........#.. ...#
.......)
#.........#.###.#.#
........
#.........#.#...#.#
........
#.........#.#... .#
+####...
#.........'.#.###.#
#...
######....#...@A..#
#... #....####'####
#..#
#..............#
#..
#..............# #.
#..............# #
#..............'.
#..............##
.##########....
....


You could see Mennas.

Vanquished Creatures
  Mara (Swamp:4)
  Saint Roka (Orc:2)
  Vashnia (Snake:4)
  2 bone dragons
  Rupert (D:14)
  Asterion (Snake:2)
  A lich (Vaults:3)
  2 tentacled starspawn (Abyss:3)
  2 sphinxes (Vaults:3)
  Frances (Snake:1)
  Gastronok (D:11)
  Agnes (D:15)
  An Executioner (Abyss:3)
  Kirke (Lair:5)
  2 thorn hunters
  7 nagarajas
  The ghost of Syneil the Severer, a journeyman MiBe of Trog (Snake:1)
  2 fire giants
  A frost giant (Vaults:2)
  5 vault wardens
  Aizul (Snake:1)
  Louise (Snake:1)
  An orc warlord (Orc:2)
  A reaper (IceCv)
  14 ironheart preservers
  2 very ugly things
  A deep elf demonologist (Vaults:2)
  8 stone giants
  2 deep elf annihilators
  A lorocyproca (Abyss:3)
  Josephine (D:11)
  A deep elf death mage (Vaults:2)
  A jiangshi (Vaults:2)
  3 ogre magi
  4 ettins
  2 yaktaur captains (Vaults:2)
  A great orb of eyes (Abyss:3)
  2 fire dragons
  2 ice dragons
  A vault guard (Vaults:1)
  14 naga warriors
  19 hydras
  3 ghost crabs
  19 anacondas
  3 centaur warriors
  8 alligators
  14 two-headed ogres
  An orc high priest (Orc:2)
  Sonja (D:15)
  Urug (D:13)
  A deep troll shaman (Vaults:2)
  A deep troll earth mage (Vaults:3)
  2 tengu warriors (D:14)
  18 naga sharpshooters
  4 shock serpents (Snake:3)
  3 deep elf knights
  A sixfirhy (Lair:6)
  4 salamander mystics
  An unseen horror (Vaults:1)
  A hell knight (Vaults:1)
  4 wizards
  13 deep trolls
  2 deep elf archers
  4 naga ritualists
  A lindwurm (shapeshifter) (Vaults:3)
  3 swamp dragons
  2 wolf spiders (Vaults:2)
  A phantasmal warrior (Swamp:4)
  A shambling mangrove (Swamp:4)
  2 spectral hydras (Swamp:4)
  7 ironbrand convokers
  3 orc sorcerers
  7 mana vipers
  8 orc knights
  27 ugly things
  6 deep elf magi
  3 oklob plants
  19 salamanders
  2 worldbinders (Abyss:3)
  4 cyclopes
  35 black mambas
  3 ice statues
  19 guardian serpents
  5 elephants
  A manticore (D:11)
  5 centaur zombies
  A black mamba (shapeshifter) (Vaults:1)
  29 naga magi
  A smoke demon (Lair:6)
  7 centaur skeletons
  5 vault sentinels
  4 gargoyles
  29 spiny frogs
  Psyche (D:11)
  A redback zombie (D:13)
  3 swamp worm zombies (Swamp:4)
  7 freezing wraiths
  6 ice devils
  2 kobold demonologists
  6 yaktaurs
  3 rime drakes
  3 efreet
  8 komodo dragons
  An ancient zyme (Abyss:3)
  5 red devils (Lair:6)
  4 polar bears
  2 hellwings (D:7)
  10 hornets
  4 hydra zombies (Swamp:4)
  3 meliai (D:15)
  A troll (Vaults:3)
  7 tyrant leeches
  A hornet (shapeshifter) (D:14)
  8 blink frogs (Lair:6)
  11 bog bodies
  17 slime creatures
  5 alligator zombies (Swamp:4)
  A spectral swamp dragon (Swamp:4)
  A blink frog (shapeshifter) (Vaults:1)
  2 raiju (Abyss:3)
  7 hippogriffs
  A water elemental (D:15)
  Sigmund (D:2)
  6 spriggans
  An air elemental (Abyss:3)
  A vampire (D:9)
  The ghost of anet the Magician, an amateur DEWz (D:3)
  6 wyverns
  A tarantella (shapeshifter) (Vaults:2)
  7 wraiths
  A steam dragon (D:11)
  24 yaks
  Eustachio (D:6)
  16 humans
  A shadow (Vaults:2)
  2 basilisks
  A hog (Lair:5)
  A golden eye (shapeshifter) (Vaults:1)
  A yaktaur simulacrum (Vaults:2)
  Menkaure (D:5)
  4 fire bats (Lair:5)
  22 vampire mosquitoes
  4 hungry ghosts
  2 chaos spawn (Abyss:3)
  4 wargs
  Edmund (D:6)
  68 nagas
  19 swamp worms
  A soldier ant (D:15)
  Duvessa (D:5)
  14 insubstantial wisps
  2 acid dragons
  5 hell hounds
  5 porcupines
  4 large abominations
  4 swamp drakes
  17 water moccasins
  3 sky beasts
  11 ice beasts
  32 orc warriors
  3 swamp dragon zombies (Swamp:4)
  A black bear (shapeshifter) (Vaults:1)
  3 black bears (D:8)
  7 starcursed masses (Abyss:3)
  12 wolves
  A necrophage (D:8)
  15 ogres
  An eye of draining (Abyss:3)
  10 phantoms
  8 boggarts (Vaults:2)
  21 centaurs
  12 crocodiles
  A big kobold (D:12)
  21 bullfrogs
  A wyvern zombie (D:11)
  Dowan (D:5)
  2 scorpions
  4 wyvern skeletons
  A human simulacrum (Vaults:2)
  4 wights (D:13)
  19 killer bees
  5 howler monkeys
  3 electric eels (Lair:4)
  2 lava snakes (D:12)
  3 crimson imps
  A bullfrog zombie (D:12)
  3 quasits
  An iron imp (Abyss:3)
  2 jellies
  2 hounds
  36 orc wizards
  18 orc priests
  4 bullfrog skeletons
  Crazy Yiuf (D:5)
  9 iguanas
  2 spectral swamp drakes (Swamp:4)
  4 hell rats
  4 worker ants
  2 hound zombies (D:6)
  2 hound skeletons (D:6)
  Robin (D:3)
  A howler monkey skeleton (D:7)
  3 swamp drake zombies (Swamp:4)
  14 adders
  8 shadow imps
  13 white imps
  7 ufetubi
  An adder skeleton (D:6)
  2 adder zombies
  2 worms
  5 dart slugs
  9 leopard geckos
  121 orcs
  8 giant cockroaches
  15 goblins
  8 hobgoblins
  6 jackals
  10 kobolds
  6 quokkas
  A ball python (D:6)
  7 bats
  9 frilled lizards
  A giant cockroach zombie (D:6)
  A jackal skeleton (D:6)
  5 rats
  A briar patch (Swamp:3)
  A bush (Lair:4)
  A fungus (Lair:6)
1413 creatures vanquished.

Vanquished Creatures (others)
  A naga sharpshooter (Snake:4)
  A wizard (Vaults:1)
  A human (D:13)
  An insubstantial wisp (Swamp:4)
  A boggart (Vaults:2)
  A bullfrog (Lair:5)
  A white imp (IceCv)
  6 ufetubi (IceCv)
  2 fungi
  14 plants
  6 starspawn tentacles (Abyss:3)
35 creatures vanquished.

Grand Total: 1448 creatures vanquished

Notes
Turn   | Place    | Note
-------+----------+-------------------------------------------
     0 | D:1      | Gorice the Demonspawn Arcane Marksman began the quest for the Orb.
     0 | D:1      | Reached XP level 1. HP: 15/15 MP: 2/2
    38 | D:1      | Reached skill level 2 in Throwing
   190 | D:1      | HP: 4/15 [leopard gecko (3)]
   464 | D:1      | Gained mutation: You have a pair of small horns on your head. [demonic ancestry]
   464 | D:1      | Reached XP level 2. HP: 14/21 MP: 3/3
   571 | D:1      | HP: 6/21 [hobgoblin/club (3)]
  1465 | D:1      | Reached XP level 3. HP: 27/27 MP: 4/4
  1527 | D:2      | Reached skill level 3 in Throwing
  1640 | D:2      | Reached skill level 2 in Fighting
  1939 | D:2      | Gained mutation: You are partially covered in iridescent scales. (AC +2) [demonic ancestry]
  1939 | D:2      | Reached XP level 4. HP: 28/33 MP: 5/5
  1999 | D:2      | Noticed Sigmund
  2163 | D:2      | HP: 4/33 [Sigmund/scythe of protection (9)]
  2165 | D:2      | Killed Sigmund
  2165 | D:2      | Reached skill level 3 in Fighting
  2165 | D:2      | Reached skill level 4 in Throwing
  2165 | D:2      | Gained mutation: You are partially covered in sharp spines. [demonic ancestry]
  2165 | D:2      | Reached XP level 5. HP: 5/41 MP: 6/6
  2582 | D:3      | Reached XP level 6. HP: 47/47 MP: 7/7
  2661 | D:3      | Noticed anet's ghost (amateur DEWz)
  2669 | D:3      | Killed anet's ghost
  2669 | D:3      | Reached skill level 4 in Fighting
  2669 | D:3      | Reached skill level 5 in Throwing
  2767 | D:3      | Reached XP level 7. HP: 31/54 MP: 8/8
  2965 | D:3      | Noticed Robin
  2978 | D:2      | Reached skill level 6 in Throwing
  3006 | D:3      | Killed Robin
  3630 | D:4      | Reached skill level 5 in Fighting
  4219 | D:5      | Entered Level 5 of the Dungeon
  4226 | D:5      | Noticed Menkaure
  4234 | D:5      | Killed Menkaure
  4234 | D:5      | Reached skill level 7 in Throwing
  4234 | D:5      | Reached XP level 8. HP: 20/64 MP: 9/9
  4498 | D:5      | Noticed Duvessa
  4498 | D:5      | Noticed Dowan
  4506 | D:5      | Killed Duvessa
  4506 | D:5      | Reached skill level 6 in Fighting
  4516 | D:5      | Killed Dowan
  4586 | D:5      | Got an iridescent hunting sling
  4587 | D:5      | Identified the cursed +3 hunting sling of Dithmenos {freeze, Stlth+} (You found it on level 5 of the Dungeon)
  4769 | D:5      | Got a brightly glowing war axe
  4814 | D:5      | Found a runed door.
  4819 | D:5      | Noticed Crazy Yiuf
  4843 | D:5      | Killed Crazy Yiuf
  5068 | D:5      | Reached skill level 7 in Fighting
  5233 | D:6      | Reached skill level 8 in Throwing
  5265 | D:6      | Reached skill level 1 in Long Blades
  5271 | D:6      | Found a staircase to the Ecumenical Temple.
  5325 | Temple   | Entered the Ecumenical Temple
  5414 | Temple   | Became a worshipper of Warmaster Okawaru
  5458 | D:6      | Noticed Edmund
  5473 | D:6      | Reached skill level 2 in Long Blades
  5487 | D:6      | Killed Edmund
  5517 | D:6      | Gained mutation: You have a pair of horns on your head. [demonic ancestry]
  5517 | D:6      | Reached XP level 9. HP: 43/72 MP: 10/10
  5522 | D:6      | Noticed Eustachio
  5550 | D:6      | HP: 6/72 [Eustachio/rapier of electrocution (19)]
  5567 | D:6      | Killed Eustachio
  5567 | D:6      | Reached skill level 3 in Long Blades
  6046 | D:6      | Reached * piety under Okawaru
  6269 | D:6      | Reached skill level 4 in Long Blades
  6534 | D:7      | Noticed a hellwing
  6534 | D:7      | Reached skill level 8 in Fighting
  6903 | D:7      | Reached skill level 5 in Long Blades
  6957 | D:7      | Reached ** piety under Okawaru
  6957 | D:7      | Reached skill level 6 in Long Blades
  6967 | D:7      | Reached skill level 9 in Fighting
  6967 | D:7      | Reached skill level 7 in Long Blades
  6967 | D:7      | Reached XP level 10. HP: 57/83 MP: 11/11
  6992 | D:7      | Reached *** piety under Okawaru
  6992 | D:7      | Reached skill level 1 in Invocations
  7019 | D:7      | Reached skill level 2 in Invocations
  7181 | D:7      | HP: 19/83 [hellwing (7)]
  7188 | D:7      | HP: 13/83 [hellwing (7)]
  7189 | D:7      | HP: 4/83 [hellwing (9)]
  7194 | D:7      | Reached skill level 8 in Long Blades
  7958 | D:8      | Received a gift from Okawaru
  8022 | D:8      | Noticed a two-headed ogre
  8035 | D:8      | Killed a two-headed ogre
  8078 | D:8      | Reached **** piety under Okawaru
  8078 | D:8      | Reached skill level 9 in Long Blades
  8188 | D:8      | Received a gift from Okawaru
  8372 | D:8      | Reached skill level 10 in Fighting
  8829 | D:9      | Received a gift from Okawaru
  8978 | D:9      | Found a white marble altar of Elyvilon.
  9070 | D:9      | Found Feasuywa's Distillery.
  9076 | D:9      | Bought a potion of heal wounds for 50 gold pieces
  9076 | D:9      | Bought a potion of degeneration for 10 gold pieces
  9076 | D:9      | Bought a potion of might for 40 gold pieces
  9338 | D:9      | Reached XP level 11. HP: 74/90 MP: 12/12
  9748 | D:10     | Entered Level 10 of the Dungeon
  9752 | D:10     | Noticed a two-headed ogre
  9760 | D:10     | Killed a two-headed ogre
  9760 | D:10     | Reached skill level 10 in Long Blades
  9844 | D:10     | Found Irylas's Armour Shop.
 10050 | D:10     | Received a gift from Okawaru
 10354 | D:11     | Noticed a two-headed ogre
 10368 | D:11     | Killed a two-headed ogre
 10482 | D:11     | Noticed Psyche
 10486 | D:11     | Killed Psyche
 10514 | D:11     | You fall through a shaft for 3 floors!
 10547 | D:14     | Noticed a tengu warrior
 10547 | D:14     | Noticed a tengu warrior
 10569 | D:14     | Killed a tengu warrior
 10578 | D:14     | Killed a tengu warrior
 10578 | D:14     | Reached skill level 11 in Long Blades
 10611 | D:14     | Noticed a brown ugly thing
 10613 | D:14     | Noticed a brown ugly thing
 10614 | D:14     | Noticed a brown ugly thing
 10651 | D:14     | Noticed a green ugly thing
 10654 | D:14     | Noticed a green ugly thing
 10662 | D:14     | Noticed a green ugly thing
 10668 | D:14     | Killed a green ugly thing
 10668 | D:14     | Reached skill level 11 in Fighting
 10693 | D:14     | Killed a green ugly thing
 10696 | D:14     | HP: 16/93 [cyan ugly thing (16)]
 10703 | D:14     | Noticed a deep elf mage
 10708 | D:14     | HP: 27/93 [cyan ugly thing (13)]
 10778 | D:13     | Found a gate to the Vaults.
 10778 | D:13     | Noticed a centaur warrior
 10778 | D:13     | Noticed a two-headed ogre
 10778 | D:13     | Noticed Urug
 10780 | D:13     | HP: 6/93 [Urug/javelin of returning (22)]
 10785 | D:12     | HP: 15/93 [hippogriff (5)]
 10793 | D:12     | Noticed a fire giant
 11037 | D:12     | --Being shafted 3 floors to D14 and losing ALL your consumables trying to escape is such fun!
 11270 | D:12     | Found a staircase to the Orcish Mines.
 11474 | D:12     | Noticed a two-headed ogre
 11481 | D:12     | Killed a two-headed ogre
 11600 | D:11     | Reached ***** piety under Okawaru
 11680 | D:11     | Reached skill level 12 in Long Blades
 11684 | D:11     | Gained mutation: You are mostly covered in sharp spines. [demonic ancestry]
 11684 | D:11     | Reached XP level 12. HP: 86/100 MP: 13/13
 11708 | D:11     | Found a staircase to the Lair.
 12001 | D:11     | Noticed a six-headed hydra
 12475 | D:11     | Received a gift from Okawaru
 12484 | D:11     | Noticed Josephine
 12495 | D:11     | Killed Josephine
 12586 | D:11     | Noticed Gastronok
 12598 | D:11     | Killed Gastronok
 12598 | D:11     | Received a gift from Okawaru
 12598 | D:11     | Reached skill level 12 in Fighting
 12599 | D:11     | Got a jewelled scimitar {god gift}
 12600 | D:11     | Identified the +5 scimitar of the Battered Dreams {protect, *Rage rN++ Stlth+} (Okawaru gifted it to you on level 11 of the Dungeon)
 12956 | Lair:1   | Entered Level 1 of the Lair of Beasts
 12982 | Lair:1   | Reached skill level 2 in Dodging
 13290 | Lair:1   | Reached skill level 1 in Armour
 13493 | Lair:1   | Reached skill level 13 in Long Blades
 13549 | Lair:1   | Got a slimy iron ring
 13552 | Lair:1   | Identified the cursed ring "Zeclac" {rPois Str-2 Stlth+} (You found it on level 1 of the Lair of Beasts)
 13756 | Lair:1   | Noticed a five-headed hydra
 13766 | Lair:1   | Killed a five-headed hydra
 13849 | Lair:2   | Reached skill level 2 in Armour
 13849 | Lair:2   | Reached skill level 3 in Dodging
 13939 | Lair:2   | Found a bloodstained altar of Trog.
 14146 | Lair:2   | Reached skill level 3 in Invocations
 14269 | Lair:2   | Received a gift from Okawaru
 14428 | Lair:3   | Reached skill level 4 in Invocations
 14468 | Lair:3   | Reached skill level 3 in Armour
 14479 | Lair:3   | Reached skill level 4 in Dodging
 14548 | Lair:3   | Received a gift from Okawaru
 14749 | Lair:3   | Noticed an ice dragon
 14792 | Lair:3   | HP: 28/102 [ice dragon/blast of cold (16)]
 15198 | Lair:2   | Reached XP level 13. HP: 91/108 MP: 13/16
 15382 | Lair:2   | Reached skill level 5 in Invocations
 15974 | Lair:3   | Reached skill level 4 in Armour
 16300 | Lair:4   | Reached skill level 5 in Dodging
 16303 | Lair:4   | HP: 28/108 [wolf (5)]
 16349 | Lair:4   | Found a frozen archway.
 16356 | IceCv    | Entered an ice cave
 16769 | IceCv    | Reached skill level 6 in Invocations
 16814 | IceCv    | Received a gift from Okawaru
 16928 | IceCv    | Noticed a reaper
 16972 | IceCv    | Killed a reaper
 17023 | IceCv    | Got a faintly humming cloak
 17054 | IceCv    | Identified the +2 cloak of Theory {rPois Str+3} (You found it in an ice cave)
 17563 | Lair:4   | Found a staircase to the Swamp.
 17634 | Lair:4   | Reached skill level 7 in Invocations
 17679 | Lair:4   | Found a staircase to the Snake Pit.
 17700 | Lair:4   | Reached skill level 5 in Armour
 17713 | Lair:4   | Reached skill level 6 in Dodging
 18626 | Lair:5   | Noticed Kirke
 18645 | Lair:5   | Killed Kirke
 18789 | Lair:5   | Received a gift from Okawaru
 18789 | Lair:5   | Reached skill level 8 in Invocations
 18875 | Lair:5   | Found a white marble altar of Elyvilon.
 19048 | Lair:5   | Got a bronze scale mail
 19282 | Lair:5   | Identified the cursed +0 scale mail "Qoevvemm" {rF+} (You found it on level 5 of the Lair of Beasts)
 19303 | Lair:6   | Entered Level 6 of the Lair of Beasts
 19303 | Lair:6   | Found a viscous altar of Jiyva.
 19303 | Lair:6   | Found a staircase to the Slime Pits.
 19322 | Lair:5   | Reached skill level 6 in Armour
 19424 | Lair:6   | Reached skill level 14 in Long Blades
 19475 | Lair:6   | Reached skill level 7 in Dodging
 19605 | Lair:6   | Gained mutation: You have a pair of large horns on your head. [demonic ancestry]
 19605 | Lair:6   | Reached XP level 14. HP: 114/115 MP: 20/20
 19728 | Lair:6   | Reached ****** piety under Okawaru
 20054 | Lair:6   | Reached skill level 7 in Armour
 21142 | Lair:6   | Reached skill level 8 in Dodging
 21293 | Lair:6   | Received a gift from Okawaru
 21375 | Lair:6   | Found a burning altar of Makhleb.
 21595 | Lair:6   | Found a gateway to Hell.
 22010 | D:12     | Reached skill level 8 in Armour
 22108 | D:12     | Found a portal to a secret trove of treasure.
 22707 | D:12     | Killed a fire giant
 23019 | D:12     | Reached skill level 9 in Dodging
 23064 | D:13     | Killed Urug
 23483 | D:13     | Reached skill level 15 in Long Blades
 24882 | D:14     | Gained mutation: You regenerate a little health from kills. [demonic ancestry]
 24882 | D:14     | Reached XP level 15. HP: 103/120 MP: 21/21
 24934 | D:14     | Reached skill level 9 in Armour
 25110 | D:14     | Noticed Rupert
 25129 | D:14     | Killed Rupert
 25685 | Orc:1    | Entered Level 1 of the Orcish Mines
 25882 | Orc:1    | Found Mosow's Assorted Antiques.
 25894 | Orc:1    | Bought a scroll of blinking for 217 gold pieces
 26072 | Orc:2    | Entered Level 2 of the Orcish Mines
 26079 | Orc:2    | Received a gift from Okawaru
 26124 | Orc:2    | Noticed Saint Roka
 26175 | Orc:2    | Found Ufuonaud's Weapon Emporium.
 26183 | Orc:2    | Found Ulubucal's Weapon Boutique.
 26372 | Orc:2    | Found a staircase to the Elven Halls.
 26710 | Orc:2    | Killed Saint Roka
 26710 | Orc:2    | Reached skill level 10 in Dodging
 26921 | Orc:2    | Noticed an orc warlord
 26932 | Orc:2    | Found a roughly hewn altar of Beogh.
 26999 | Orc:2    | Killed an orc warlord
 26999 | Orc:2    | Received a gift from Okawaru
 27044 | Orc:2    | Found Ocoul's Jewellery Shop.
 27089 | Orc:2    | Found Geulen's General Store.
 27096 | Orc:2    | Bought a potion of curing for 45 gold pieces
 27105 | Orc:2    | Found Nankofid's Antique Armour Shop.
 27121 | Orc:2    | Found Eqixt's Antique Weapon Shop.
 27165 | Orc:2    | Found Diuruint's Book Shop.
 27367 | D:15     | Entered Level 15 of the Dungeon
 27484 | D:15     | Noticed Sonja
 27498 | D:15     | Killed Sonja
 27630 | D:15     | Noticed Agnes
 27642 | D:15     | Killed Agnes
 27642 | D:15     | Reached skill level 10 in Armour
 27655 | D:15     | Found a staircase to the Depths.
 28373 | Snake:1  | Entered Level 1 of the Snake Pit
 28373 | Snake:1  | Noticed Syneil's ghost (journeyman MiBe)
 28383 | Snake:1  | HP: 9/120 [Syneil's ghost (28)]
 28384 | Snake:1  | Noticed Louise
 28553 | Swamp:1  | Entered Level 1 of the Swamp
 28700 | Swamp:1  | --Wow nice reception committee!
 28913 | Swamp:1  | Reached skill level 11 in Dodging
 29577 | Swamp:2  | Received a gift from Okawaru
 29599 | Swamp:2  | Got a heavily runed plate armour {god gift}
 29643 | Swamp:2  | Identified the +6 plate armour of the Game of Kings {rF+ rC+ Str+3 Slay+2} (Okawaru gifted it to you on level 2 of the Swamp)
 29667 | Swamp:2  | Gained mutation: You are mostly covered in iridescent scales. (AC +4) [demonic ancestry]
 29667 | Swamp:2  | Reached XP level 16. HP: 104/127 MP: 22/22
 29977 | Swamp:2  | Reached skill level 16 in Long Blades
 30367 | Swamp:3  | Reached skill level 11 in Armour
 30377 | Swamp:3  | Noticed a thorn hunter
 30389 | Swamp:3  | Killed a thorn hunter
 31425 | Swamp:4  | Entered Level 4 of the Swamp
 31447 | Swamp:4  | Noticed Mara
 31470 | Swamp:4  | Noticed Gorice's illusion
 31471 | Swamp:4  | Killed Mara
 31593 | Swamp:4  | Noticed a thorn hunter
 31605 | Swamp:4  | Killed a thorn hunter
 31652 | Swamp:4  | Reached skill level 12 in Dodging
 31803 | Swamp:4  | Received a gift from Okawaru
 32247 | Swamp:4  | Received a gift from Okawaru
 32248 | Swamp:4  | Got an encrusted triple sword {god gift}
 32249 | Swamp:4  | Identified the +1 triple sword "Koinnop" {freeze, *Drain rC- rN+++ MR+} (Okawaru gifted it to you on level 4 of the Swamp)
 32359 | Swamp:4  | Noticed a bone dragon
 32570 | Lair:1   | Identified 2 scrolls of acquirement
 32571 | Lair:1   | Got a pair of scorched boots
 32582 | Lair:1   | Identified the +0 pair of boots "Jehog" {+Fly rCorr} (You acquired it on level 1 of the Lair of Beasts)
 32583 | Lair:1   | Got a steaming buckler
 32590 | Lair:1   | Identified the +3 buckler of Ciduq {Int+3} (You acquired it on level 1 of the Lair of Beasts)
 32709 | Snake:1  | Cast into level 3 of the Abyss (Louise)
 32766 | Abyss:3  | Paralysed by accursed screaming for 1 turns
 32797 | Abyss:3  | Noticed an Executioner
 32803 | Abyss:3  | Reached skill level 12 in Armour
 32805 | Abyss:3  | Killed an Executioner
 32805 | Abyss:3  | Reached skill level 17 in Long Blades
 32816 | Snake:1  | Escaped the Abyss
 33064 | Snake:1  | Cast into level 3 of the Abyss (Louise)
 33184 | Abyss:3  | Noticed a tentacled starspawn
 33189 | Abyss:3  | Killed a tentacled starspawn
 33252 | Abyss:3  | Received a gift from Okawaru
 33269 | Abyss:3  | Noticed a tentacled starspawn
 33275 | Abyss:3  | Killed a tentacled starspawn
 33321 | Abyss:3  | Noticed a bone dragon
 33325 | Abyss:3  | Gained mutation: You regenerate health from kills. [demonic ancestry]
 33325 | Abyss:3  | Reached XP level 17. HP: 75/133 MP: 13/23
 33415 | Abyss:3  | Killed a bone dragon
 33419 | Snake:1  | Escaped the Abyss
 33419 | Snake:1  | HP: 32/133 [Syneil's ghost (13)]
 33735 | Snake:1  | Noticed Frances
 33755 | Snake:1  | Killed Frances
 33805 | Snake:1  | Killed Louise
 34149 | Snake:1  | Killed Syneil's ghost
 34149 | Snake:1  | Received a gift from Okawaru
 34228 | Snake:1  | Noticed Aizul
 34252 | Snake:1  | Killed Aizul
 34802 | Snake:2  | Reached skill level 18 in Long Blades
 34951 | Snake:2  | Got a distressingly furry plate armour
 35008 | Snake:1  | Identified the +4 plate armour of Budghilo {rF++ Int+2 Dex-2} (You found it on level 2 of the Snake Pit)
 35251 | Snake:2  | Received a gift from Okawaru
 35327 | Snake:2  | Reached skill level 13 in Armour
 35354 | Snake:2  | Noticed Asterion
 35371 | Snake:2  | Killed Asterion
 35404 | Snake:2  | Received a gift from Okawaru
 36153 | Lair:4   | Received a gift from Okawaru
 36453 | Snake:3  | Reached skill level 1 in Evocations
 36596 | Snake:3  | Received a gift from Okawaru
 36596 | Snake:3  | Reached skill level 2 in Evocations
 36690 | Snake:3  | Found a basalt altar of Yredelemnul.
 36726 | Snake:3  | Found Piquestru's Jewellery Emporium.
 36726 | Snake:3  | Found Fathakhlu's Gadget Shop.
 36728 | Snake:3  | Found Cefaor's Gadget Shop.
 36733 | Snake:3  | Bought a wand of digging (9/24) for 494 gold pieces
 36735 | Snake:3  | Bought an uncursed ring of see invisible for 195 gold pieces
 36826 | Snake:3  | Reached skill level 3 in Evocations
 37059 | Snake:3  | Reached skill level 4 in Evocations
 37342 | Snake:4  | Entered Level 4 of the Snake Pit
 37512 | Snake:4  | Noticed Vashnia
 37546 | Snake:4  | Gained mutation: You are completely covered in sharp spines. [demonic ancestry]
 37546 | Snake:4  | Reached XP level 18. HP: 129/140 MP: 24/24
 37778 | Snake:4  | Reached skill level 5 in Evocations
 38298 | Snake:4  | Reached skill level 14 in Armour
 38427 | Snake:3  | Reached skill level 6 in Evocations
 38567 | Snake:3  | Received a gift from Okawaru
 38632 | Snake:4  | Found Widulani's Distillery.
 38956 | Snake:4  | Killed Vashnia
 38956 | Snake:4  | Received a gift from Okawaru
 38956 | Snake:4  | Reached skill level 7 in Evocations
 38957 | Snake:4  | Got a pair of warped gloves {god gift}
 38977 | Snake:4  | Identified the +0 pair of gloves "Plog" {MR+} (Okawaru gifted it to you on level 4 of the Snake Pit)
 39141 | Snake:4  | Bought a potion of haste for 130 gold pieces
 39141 | Snake:4  | Bought a potion of curing for 39 gold pieces
 39376 | Snake:4  | HP: 42/140 [poisoned by a guardian serpent (bolt of poison)]
 39381 | Snake:4  | HP: 40/140 [poisoned by a guardian serpent (bolt of poison)]
 39626 | Snake:4  | Reached skill level 8 in Evocations
 39937 | Snake:4  | Reached skill level 15 in Armour
 40101 | Snake:4  | Reached skill level 9 in Evocations
 40186 | Snake:4  | Got a serpentine rune of Zot
 40801 | Swamp:4  | Killed a bone dragon
 40801 | Swamp:4  | Reached skill level 9 in Invocations
 40966 | Swamp:4  | Got a decaying rune of Zot
 41199 | Swamp:4  | Received a gift from Okawaru
 41538 | Vaults:1 | Entered Level 1 of the Vaults
 41688 | Vaults:1 | Reached skill level 10 in Invocations
 41695 | Vaults:1 | Reached XP level 19. HP: 115/146 MP: 26/26
 42230 | Vaults:1 | Reached skill level 11 in Invocations
 42373 | Vaults:1 | Received a gift from Okawaru
 42826 | Vaults:2 | Found a flickering gateway to a bazaar.
 42832 | Vaults:2 | Found Diliet's Antique Armour Boutique.
 42836 | Bazaar   | Entered a bazaar
 42837 | Bazaar   | Found Ijecod Eghyp's Jewellery Emporium.
 42837 | Bazaar   | Found Huowioff's Magic Scroll Emporium.
 42838 | Bazaar   | Found Cohag's Assorted Antiques.
 42848 | Bazaar   | Found Huexuiza's General Store.
 42878 | Bazaar   | Bought a potion of curing for 93 gold pieces
 42878 | Bazaar   | Bought a heavily runed plate armour for 868 gold pieces
 42878 | Bazaar   | Bought a scroll of teleportation for 93 gold pieces
 42899 | Bazaar   | Identified the +7 plate armour of Cageas {*Slow Str-4 Int+8 Slay+5} (You bought it in a shop in a bazaar)
 42909 | Bazaar   | Bought the amulet of Itrapri {rC+ MR++ Regen+ Dex-2} for 723 gold pieces
 42923 | Bazaar   | Bought a scroll of identify for 26 gold pieces
 42923 | Bazaar   | Bought a scroll of identify for 26 gold pieces
 42923 | Bazaar   | Bought a scroll of identify for 26 gold pieces
 42935 | Vaults:2 | Received a gift from Okawaru
 43078 | Vaults:2 | Reached skill level 16 in Armour
 43372 | Vaults:2 | Reached skill level 9 in Throwing
 43789 | Vaults:2 | Found Zeidytai's General Store.
 43816 | Vaults:2 | Reached skill level 10 in Throwing
 43846 | Vaults:2 | Found Buesk's Food Shop.
 43996 | Vaults:2 | Found Qourph's Antique Armour Boutique.
 44161 | Vaults:2 | Reached skill level 13 in Dodging
 44455 | Vaults:2 | Found a staircase to the Crypt.
 44790 | Vaults:2 | Received a gift from Okawaru
 44791 | Vaults:2 | Got a transparent triple sword {god gift}
 44795 | Vaults:2 | Identified the +2 triple sword "Upis Esk" {flame, Int+4} (Okawaru gifted it to you on level 2 of the Vaults)
 45192 | Vaults:3 | Reached XP level 20. HP: 147/155 MP: 28/28
 45234 | Vaults:3 | Reached skill level 13 in Fighting
 45246 | Vaults:3 | HP: 32/156 [stone giant (16)]
 45419 | Vaults:3 | Found Gozag's Assorted Antiques.
 45427 | Vaults:3 | Received a gift from Okawaru
 45438 | Vaults:3 | Received a gift from Okawaru
 45472 | Vaults:3 | Found an opulent altar of Gozag.
 45473 | Vaults:3 | Found Gozag's Assorted Antiques.
 45474 | Vaults:3 | Found Gozag's Antique Weapon Shoppe.
 45502 | Vaults:3 | Received a gift from Okawaru
 45714 | Vaults:3 | Reached skill level 14 in Dodging
 45789 | Vaults:3 | HP: 45/157 [flayed ghost/flay_damage[a death knight] (20)]
 46238 | Vaults:3 | Received a gift from Okawaru
 46239 | Vaults:3 | Got a twisted cloak {god gift}
 46255 | Vaults:3 | Identified the +0 cloak of Insatiable Hunger {Str+9} (Okawaru gifted it to you on level 3 of the Vaults)
 46295 | Vaults:3 | Noticed Mennas
 46315 | Vaults:3 | HP: 39/158 [Mennas/eudemon blade of holy wrath (16)]
 46315 | Vaults:3 | HP: 17/158 [Mennas/eudemon blade of holy wrath (22)]
 46319 | Vaults:3 | HP: 1/158 [Mennas/eudemon blade of holy wrath (13)]
 46319 | Vaults:3 | Mangled by Mennas

Vault maps used:
D:1:      lemuel_arrival_muddy
D:2:      first_bread, uniq_sigmund
D:3:      st_stairs_12, minmay_divided_ellipse, uniq_robin
D:4:      minmay_door_square, st_stairs_7
D:5:      uniq_crazy_yiuf_cottage, uniq_duvessa, uniq_menkaure
D:6:      serial_undead, serial_undead_a, serial_undead_c, serial_undead_f,
          serial_undead_c, uniq_edmund, uniq_eustachio
D:7:      cheibrodos_grave_circle
D:9:      serial_shops, shop, grunt_pizzeria, nrook_pool_corridor,
          elyvilon_altar_4
D:10:     serial_shops, shop, hangedman_decor_lopped, kennysheep_windowed_goal
D:11:     minmay_lair_entry_lava, uniq_josephine, uniq_gastronok, uniq_psyche
D:12:     hiddenorc2_lemuel, enter_trove_1, kennysheep_island_fort
D:13:     david_vaults_3, lab_entry_generic
D:14:     serial_bayou_pond_e, roderic_serpentine_path, uniq_rupert
D:15:     grunt_enter_depths_hoard, fountainhead, uniq_sonja, uniq_agnes
Temple:   compressed_dpeg_circular_temple
Lair:2:   lemuel_oklob_altar, lemuel_fruit_tree
Lair:3:   minmay_stone_trees_small, ice2_lemuel, grunt_megastairs_1
Lair:4:   beast_lair_carwin_large_1, minmay_swamp_entry_reptiles,
          minmay_snake_entry_guardpost_small, portal_ice_cave_entry_pillars_1,
          minivault_23, minmay_lair_oklob_bushes, serial_bayou_lake_a,
          infiniplex_staircase_pool_2
Lair:5:   basic_altar, beast_lair_carwin_4, uniq_urug, uniq_kirke
Lair:6:   evil_forest, slime_altar_1
Swamp:1:  nicolae_swamp_trees_clearing, swamp_pool3, infiniplex_staircase_pool
Swamp:2:  nicolae_swamp_dense_foliage
Swamp:3:  nicolae_swamp_fairy_circle
Swamp:4:  swamp_pestilence, swamp_pool1, uniq_mara
Snake:1:  nicolae_snake_biting_tails, nicolae_snake_linked_coils, uniq_frances,
          uniq_aizul, uniq_louise
Snake:2:  uniq_asterion
Snake:3:  basic_altar, minmay_shop_grove, grunt_megastairs_2
Snake:4:  grunt_snake_rune_serpentine_throne, serial_shops, shop, spider_trap,
          uniq_vashnia
Orc:1:    serial_shops, nicolae_shop_crystal
Orc:2:    grunt_orc_cross, serial_shops, shop, shop, shop, abandoned_shop,
          uniq_saint_roka
Vaults:1: vaults_room_fancy_cross, vaults_room_octagon, v_pattern_4, v_misc_2,
          v_misc_14, ontoclasm_vaults_chip, v_misc_13,
          minmay_guarded_unrand_guard_vaults, v_misc_8,
          ontoclasm_vaults_gateway, v_misc_31, v_alt_pattern_1,
          nicolae_vaults_mini_display_case, nicolae_vaults_network_s
Vaults:2: st_more_cells, v_rooms_3, grunt_vaults_swirl,
          minmay_crypt_entry_simple_statues, nicolae_vaults_what_the_h,
          ontoclasm_vaults_decontamination, serial_shops, bzr_entry_islet, shop,
          shop, shop, shop
Vaults:3: dpeg_vaults_monster_row, vaults_dpeg_hooks, v_misc_1,
          nicolae_vaults_windows_and_doors_thing, hangedman_vaults_restitches,
          kennysheep_vaults_gozag_temple, vaults_dpeg_cross,
          vaults_room_corners, uniq_mennas
Abyss:3:  evilmike_abyss_exit_13, evilmike_abyss_rune_elephants_shrine,
          nicolae_abyss_rune_left_handed, hangedman_summoners_spam
Bazaar:   bazaar_minmay_plants
IceCv:    ice_cave_small_demon

Skill      XL: |  1  2  3  4  5  6  7  8  9 10 11 12 13 14 15 16 17 18 19 20 |
---------------+-------------------------------------------------------------+-----
Throwing       | 2 3 4 5 7 8 10 | 10.0
Fighting       | 2 3 4 5 7 9 10 11 12 13 | 13.6
Long Blades    | 2 7 9 12 13 14 15 17 18 | 18.4
Invocations    | 2 4 8 10 11 | 11.0
Dodging        | 4 7 9 11 12 13 14 | 14.2
Armour         | 3 6 8 10 12 13 15 16 | 16.0
Evocations     | 4 9 |  9.0
Spellcasting   | |  1.0
Hexes          | |  3.0

Action                   |  1- 3 |  4- 6 |  7- 9 | 10-12 | 13-15 | 16-18 | 19-21 || total
-------------------------+-------+-------+-------+-------+-------+-------+-------++-------
Melee: Unarmed           |    27 |       |       |       |       |       |       ||    27
       Short sword       |   131 |    54 |   183 |       |       |       |       ||   368
       Headbutt          |    11 |     8 |    55 |    73 |   275 |   401 |   197 ||  1020
       Rapier            |       |       |    74 |   440 |   701 |       |       ||  1215
       Punch             |       |       |       |     3 |     1 |       |       ||     4
       Great sword       |       |       |       |    10 |   482 |  1223 |   602 ||  2317
       Triple sword      |       |       |       |       |       |    42 |       ||    42
 Fire: Hunting sling     |       |       |   114 |   369 |   299 |       |       ||   782
Throw: Stone             |    16 |    10 |       |       |       |       |       ||    26
       Javelin           |     5 |     8 |     2 |    61 |    21 |    29 |     2 ||   128
       Throwing net      |       |     1 |     2 |     3 |       |     1 |       ||     7
       Tomahawk          |       |       |     9 |    15 |    38 |    37 |    23 ||   122
Invok: Heroism           |       |       |     1 |    18 |    15 |    17 |     6 ||    57
       Finesse           |       |       |       |       |     5 |     4 |     2 ||    11
 Abil: Evoke Flight      |       |       |       |       |       |     2 |     2 ||     4
Evoke: Wand              |       |       |       |     4 |     2 |     4 |       ||    10
  Use: Scroll            |     2 |     2 |    11 |     8 |    15 |     9 |     4 ||    51
       Potion            |       |       |     1 |     6 |     3 |     5 |     1 ||    16
 Stab: Sleeping          |     1 |       |       |       |       |       |       ||     1
       Held in net/web   |       |       |       |     3 |       |       |       ||     3
       Invisible         |       |       |       |       |       |     1 |       ||     1
  Eat: Chunk             |     3 |     3 |    13 |    26 |    36 |    20 |    16 ||   117
       Beef jerky        |       |       |       |     1 |       |     1 |       ||     2
       Pizza             |       |       |       |     1 |     4 |     2 |       ||     7
       Meat ration       |       |       |       |       |     1 |     1 |       ||     2
       Bread ration      |       |       |       |       |       |     2 |       ||     2
       Royal jelly       |       |       |       |       |       |     1 |       ||     1
Armor: Robe              |     4 |       |       |       |       |       |       ||     4
       Ring mail         |    54 |    19 |   121 |   168 |       |       |       ||   362
       Chain mail        |       |       |       |    66 |   517 |       |       ||   583
       Plate armour      |       |       |       |       |   209 |   851 |   315 ||  1375
Dodge: Dodged            |    87 |    21 |   111 |   205 |   571 |   766 |   313 ||  2074
Block: Buckler           |       |       |       |       |    60 |       |       ||    60
       Rpst.: Great sword |       |       |       |     1 |    56 |   147 |    63 ||   267
       Triple sword      |       |       |       |       |       |     5 |       ||     5

Table legend:
 A = Turns spent in this place as a percentage of turns spent in the entire game.
 B = Non-inter-level travel turns spent in this place as a percentage of non-inter-level travel turns spent in the entire game.
 C = Inter-level travel turns spent in this place as a percentage of turns spent in this place.
 D = Turns resting spent in this place as a percentage of non-inter-level travel turns spent in this place.
 E = Turns spent auto-exploring this place as a percentage of non-inter-level travel turns spent in this place.
 F = Non-inter-level travel turns spent in this place divided by the number of levels of this place that you've seen.
                   A       B       C       D       E      F
               +-------+-------+-------+-------+-------+----------------------
         Total | 100.0 | 100.0 |   0.7 |   2.4 |   4.0 | 506.3
       Dungeon |  32.1 |  32.1 |   0.6 |   1.6 |   4.9 | 422.2
        Temple |   0.2 |   0.2 |   0.0 |   0.0 |  46.2 |  39.0
          Lair |  20.0 |  19.8 |   1.4 |   1.7 |   3.6 | 652.3
         Swamp |  10.4 |  10.4 |   0.8 |   1.9 |   4.4 | 512.5
     Snake Pit |  15.3 |  15.3 |   0.4 |   5.0 |   3.5 | 757.5
  Orcish Mines |   4.7 |   4.7 |   0.2 |   4.0 |   1.7 | 466.0
        Vaults |  12.0 |  12.1 |   0.3 |   2.3 |   3.4 | 794.7
         Abyss |   1.9 |   2.0 |   0.0 |   1.6 |   4.4 | 193.5
        Bazaar |   0.4 |   0.5 |   0.0 |   0.0 |   0.0 |  89.0
      Ice Cave |   2.9 |   3.0 |   0.0 |   2.7 |   0.5 | 586.0
               +-------+-------+-------+-------+-------+----------------------

Vault maps used:
D:1:      lemuel_arrival_muddy
D:2:      first_bread, uniq_sigmund
D:3:      st_stairs_12, minmay_divided_ellipse, uniq_robin
D:4:      minmay_door_square, st_stairs_7
D:5:      uniq_crazy_yiuf_cottage, uniq_duvessa, uniq_menkaure
D:6:      serial_undead, serial_undead_a, serial_undead_c, serial_undead_f,
          serial_undead_c, uniq_edmund, uniq_eustachio
D:7:      cheibrodos_grave_circle
D:9:      serial_shops, shop, grunt_pizzeria, nrook_pool_corridor,
          elyvilon_altar_4
D:10:     serial_shops, shop, hangedman_decor_lopped, kennysheep_windowed_goal
D:11:     minmay_lair_entry_lava, uniq_josephine, uniq_gastronok, uniq_psyche
D:12:     hiddenorc2_lemuel, enter_trove_1, kennysheep_island_fort
D:13:     david_vaults_3, lab_entry_generic
D:14:     serial_bayou_pond_e, roderic_serpentine_path, uniq_rupert
D:15:     grunt_enter_depths_hoard, fountainhead, uniq_sonja, uniq_agnes
Temple:   compressed_dpeg_circular_temple
Lair:2:   lemuel_oklob_altar, lemuel_fruit_tree
Lair:3:   minmay_stone_trees_small, ice2_lemuel, grunt_megastairs_1
Lair:4:   beast_lair_carwin_large_1, minmay_swamp_entry_reptiles,
          minmay_snake_entry_guardpost_small, portal_ice_cave_entry_pillars_1,
          minivault_23, minmay_lair_oklob_bushes, serial_bayou_lake_a,
          infiniplex_staircase_pool_2
Lair:5:   basic_altar, beast_lair_carwin_4, uniq_urug, uniq_kirke
Lair:6:   evil_forest, slime_altar_1
Swamp:1:  nicolae_swamp_trees_clearing, swamp_pool3, infiniplex_staircase_pool
Swamp:2:  nicolae_swamp_dense_foliage
Swamp:3:  nicolae_swamp_fairy_circle
Swamp:4:  swamp_pestilence, swamp_pool1, uniq_mara
Snake:1:  nicolae_snake_biting_tails, nicolae_snake_linked_coils, uniq_frances,
          uniq_aizul, uniq_louise
Snake:2:  uniq_asterion
Snake:3:  basic_altar, minmay_shop_grove, grunt_megastairs_2
Snake:4:  grunt_snake_rune_serpentine_throne, serial_shops, shop, spider_trap,
          uniq_vashnia
Orc:1:    serial_shops, nicolae_shop_crystal
Orc:2:    grunt_orc_cross, serial_shops, shop, shop, shop, abandoned_shop,
          uniq_saint_roka
Vaults:1: vaults_room_fancy_cross, vaults_room_octagon, v_pattern_4, v_misc_2,
          v_misc_14, ontoclasm_vaults_chip, v_misc_13,
          minmay_guarded_unrand_guard_vaults, v_misc_8,
          ontoclasm_vaults_gateway, v_misc_31, v_alt_pattern_1,
          nicolae_vaults_mini_display_case, nicolae_vaults_network_s
Vaults:2: st_more_cells, v_rooms_3, grunt_vaults_swirl,
          minmay_crypt_entry_simple_statues, nicolae_vaults_what_the_h,
          ontoclasm_vaults_decontamination, serial_shops, bzr_entry_islet, shop,
          shop, shop, shop
Vaults:3: dpeg_vaults_monster_row, vaults_dpeg_hooks, v_misc_1,
          nicolae_vaults_windows_and_doors_thing, hangedman_vaults_restitches,
          kennysheep_vaults_gozag_temple, vaults_dpeg_cross,
          vaults_room_corners, uniq_mennas
Abyss:3:  evilmike_abyss_exit_13, evilmike_abyss_rune_elephants_shrine,
          nicolae_abyss_rune_left_handed, hangedman_summoners_spam
Bazaar:   bazaar_minmay_plants
IceCv:    ice_cave_small_demon
